 Dungeon Crawl Stone Soup version 0.27-a0-1188-g73eefd5def (webtiles) character file.

Game seed: 2977046487585024472

18 HoaS the Bolt Thrower (level 2, -6/17 HPs)
             Began as a Gargoyle Hunter on May 21, 2021.
             Mangled by a kobold
             ... wielding a +4 whip
              (7 damage)
             ... on level 1 of the Dungeon.
             The game lasted 00:01:56 (765 turns).

HoaS the Bolt Thrower (Gargoyle Hunter)              Turns: 765, Time: 00:01:56

Health: -6/17      AC:  5    Str: 15    XL:     2   Next: 66%
Magic:  2/2        EV: 11    Int: 11    God:
Gold:   0          SH:  0    Dex: 10    Spells: 1/1 levels left

rFire    . . .     SeeInvis .     - Unarmed
rCold    . . .     Faith    .   (no shield)
rNeg     + . .     Spirit   .   c - +0 leather armour
rPois    ∞         Reflect  .   (no helmet)
rElec    +         Harm     .   (no cloak)
rCorr    .         Rampage  .   (no gloves)
Will     .....                  (no boots)
Stlth    +.........             (no amulet)
HPRegen  0.05/turn              (no ring)
MPRegen  0.08/turn              (no ring)

@: no status effects
A: sickness immunity, AC +2, negative energy resistance 1, electricity
resistance, torment resistance 1, petrification resistance
a: no special abilities


You were on level 1 of the Dungeon.
You visited 1 branch of the dungeon, and saw 1 of its levels.

Inventory:

Hand Weapons
 w - a +1 hand crossbow
Missiles
 d - 20 bolts
Armour
 c - a +0 leather armour (worn)
Potions
 a - a potion of resistance {unknown}
 b - a potion of mutation {unknown}
 e - a potion of flight {unknown}


   Skills:
 - Level 2.1 Fighting
 - Level 4.0 Crossbows
 - Level 1.5 Dodging
 + Level 1.9 Stealth
 * Level 1.7 Unarmed Combat


You had one spell level left.
You didn't know any spells.
Your spell library was empty.

Dungeon Overview and Level Annotations

Branches:
Dungeon (1/15)

Altars:


Innate Abilities, Weirdness & Mutations

You are immune to sickness and miasma.
Your stone body is resilient. (AC +2)
You are immune to poison.
You resist negative energy. (rN+)
You are resistant to electric shocks. (rElec)
You are resistant to unholy torment.
You are immune to petrification.


Message History

You closely miss the quokka.
The quokka is severely wounded.
The quokka bites you.
You hit the quokka but do no damage.
The quokka is severely wounded.
The quokka bites you but does no damage.
The quokka misses you.
You closely miss the quokka.
The quokka is severely wounded.
The quokka barely misses you.
You barely miss the quokka.
The quokka is severely wounded.
The quokka barely misses you.
You barely miss the quokka.
The quokka is severely wounded.
The quokka bites you but does no damage.
You hit the quokka.
You kill the quokka!
You hit the ball python.
The ball python is severely wounded.
The ball python bites you but does no damage.
The ball python barely misses you. The ball python bites you.
The ball python barely misses you.
You closely miss the ball python.
The ball python is severely wounded.
The ball python barely misses you. The ball python grabs you.
The ball python constricts you.
You hit the ball python.
You kill the ball python!
You closely miss the rat. The rat closely misses you.
You hit the rat.
You kill the rat!
The bat hits you but does no damage.
You barely miss the kobold. The kobold hits you with a +4 whip.
You closely miss the kobold. You barely miss the kobold.
The kobold barely misses you.
You barely miss the kobold. The kobold hits you with a +4 whip.
* * * LOW HITPOINT WARNING * * *
You barely miss the kobold. The kobold hits you with a +4 whip!
You die...

♣♣.# .+ ........ ..#
+++# ........ .># #.
...# ........ .####...
#^. ........ ......#
#.###........ ....###
#####..#.....K...
.##..##
.......b.#.......
........
######K#.r......
......## #@#......S.
.##.#.# #.#........
.##.#.# #.#........
.##.#.# #.#........
.##.#.## #.##.......
.##....# #.# #..$..?
.####..#####
#.#########
...†.......#####.....#
.###....)............#


You could see a bat and a kobold.

Vanquished Creatures
  2 endoplasms (D:1)
  A goblin (D:1)
  2 hobgoblins (D:1)
  2 jackals (D:1)
  2 quokkas (D:1)
  2 ball pythons (D:1)
  2 bats (D:1)
  A frilled lizard (D:1)
  A kobold (D:1)
  2 rats (D:1)
17 creatures vanquished.

Notes
Turn   | Place    | Note
-------+----------+-------------------------------------------
     0 | D:1      | HoaS the Gargoyle Hunter began the quest for the Orb.
     0 | D:1      | Reached XP level 1. HP: 12/12 MP: 1/1
   178 | D:1      | Reached skill level 1 in Unarmed Combat
   233 | D:1      | Reached XP level 2. HP: 17/17 MP: 2/2
   765 | D:1      | Mangled by a kobold

Illustrated notes

Levels and vault maps discovered:
D:1:      heliophobic_arrival_henge, layout_rooms,
          hellmonk_ecumenical_altar_heavens_door

Skill      XL: |  1 |
---------------+----+-----
Unarmed Combat | 1 |  1.7
Fighting       | |  2.1
Crossbows      | |  4.0
Dodging        | |  1.5
Stealth        | |  1.9

Action                   || total
-------------------------++-------
Melee: Unarmed           ||   118
       Punch             ||     1
 Stab: Sleeping          ||     1
Armor: Leather armour    ||    43
Dodge: Dodged            ||    83

Table legend: (Time is in decaauts)
 A = Elapsed time spent in this place.
 B = Non-inter-level travel time spent in this place.
 C = Inter-level travel time spent in this place.
 D = Time resting spent in this place.
 E = Time spent auto-exploring this place.
 F = Levels seen in this place.
 G = Mean time per level.
                   A        B        C        D        E       F      G
               +--------+--------+--------+--------+--------+-----+--------+
         Total |    762 |    762 |      0 |    452 |    112 |   1 |  762.0 |
       Dungeon |    762 |    762 |      0 |    452 |    112 |   1 |  762.0 |
               +--------+--------+--------+--------+--------+-----+--------+

Top non-repeatable levels by time:
     D:1: 762 daAuts
